 Dungeon Sprint DCSS version 0.30-a0-122-g2a1322497e (webtiles) character file.

Game seed: 7169592511997535300

1226 mhtbhm the Earth Mage (level 8, -14/41 HPs)
             Began as a Gargoyle Earth Elementalist on Sept 17, 2022.
             Was a Believer of Vehumet.
             Demolished by Snorg (18 damage)
             ... in the Dungeon (Sprint III: "The Ten Rune Challenge").
             The game lasted 00:04:10 (1250 turns).

mhtbhm the Earth Mage (Gargoyle Earth Elementalist) Turns: 1250, Time: 00:04:11

Health: -14/41     AC:  7    Str: 10    XL:     8   Next: 47%
Magic:  15/25      EV: 13    Int: 18    God:    Vehumet [**....]
Gold:   37         SH:  0    Dex: 14    Spells: 10/29 levels left

rFire   . . .      SeeInvis .    (no weapon)
rCold   . . .      Faith    .    (no shield)
rNeg    + . .      Spirit   .    a - +0 robe
rPois   ∞          Reflect  .    (no helmet)
rElec   +          Harm     .    (no cloak)
rCorr   .          Rampage  .    (no gloves)
Will    .....      NoTele   +    (no boots)
Stlth   +++.......               (no amulet)
HPRegen 0.13/turn                (no ring)
MPRegen 0.19/turn                (no ring)

@: no status effects
A: sickness immunity, AC +5, negative energy resistance 1, electricity
resistance, torment resistance 1, petrification resistance, talons 1, agile 1,
high MP 1
a: Renounce Religion


You were in the Dungeon.
You worshipped Vehumet.
Vehumet was pleased with you.
You visited 1 branch You collected 37 gold pieces.

Inventory:

Armour
 a - a +0 robe (worn)
Scrolls
 i - 2 scrolls of immolation {unknown}
 j - 2 scrolls of identify {unknown}
Potions
 c - a potion of curing
 e - a potion of haste
 f - a potion of berserk rage
 h - 3 potions of mutation
 k - 2 potions of flight
 l - a potion of cancellation {unknown}
 m - a potion of might
Miscellaneous
 n - a piece from Xom's chessboard (15/15)


   Skills:
 + Level 3.3 Dodging
 + Level 5.1 Stealth
 + Level 11.4 Spellcasting
 + Level 1.3 Transmutations
 + Level 15.0 Earth Magic


You had 10 spell levels left.
You knew the following spells:

 Your Spells              Type           Power      Damage    Failure   Level
a - Sandblast             Erth           100%       2d20      0%          1
b - Passwall              Tmut/Erth      32%        N/A       1%          2
c - Stone Arrow           Conj/Erth      74%        3d11      1%          3
d - Petrify               Tmut/Erth      39%        N/A       2%          4
e - Lee's Rapid Deconstr  Erth           29%        3d16*     1%          5
f - Leda's Liquefaction   Hex/Erth       18%        N/A       3%          4

Your spell library contained the following spells:

 Spells                   Type           Power      Damage    Failure   Level
 Foxfire                  Conj/Fire      40%        2x1d6     7%          1
 Confusing Touch          Hex            10%        N/A       21%         3
 Yara's Violent Unravell  Hex/Tmut       6%         3d5       82%         5
 Enfeeble                 Hex            5%         N/A       100%        7
 Statue Form              Tmut/Erth      Unusable   N/A       N/A         6

Dungeon Overview and Level Annotations

Branches:
Dungeon (1/1)

Altars:
Cheibriados
Dithmenos
Elyvilon
Fedhas
Gozag
Hepliaklqana
Kikubaaqudgha
Makhleb
Nemelex Xobeh
Okawaru
Qazlal
Ru
Sif Muna
Trog
Uskayaw
Vehumet
Wu Jian
Xom
Yredelemnul
Zin
The Shining One
Jiyva
Lugonu

Annotations:
D Snorg


Innate Abilities, Weirdness & Mutations

You are immune to sickness and miasma.
Your stone body is resilient. (AC +5)
You are immune to poison.
You resist negative energy. (rN+)
You are resistant to electric shocks. (rElec)
You are resistant to unholy torment.
You are immune to petrification.
You have sharp toenails.
You are agile. (Dex +4, Str/Int -1)
You have an increased reservoir of magic. (+10% MP)


Message History

Magic courses through your body.
Casting: Lee's Rapid Deconstruction (dangerous; 1% risk of failure)
Confirm with . or Enter, or press ? or * to list all spells.
Aiming: Lee's Rapid Deconstruction (dangerous; 1% risk of failure)
Press: ? - help, Dir - move target, f/p - Snorg Fragment what (e.g. wall or brittle monster)?: Snorg (heavily wounded, berserk, petrified) Snorg shatters!
Snorg is heavily wounded.
Snorg is no longer petrified.
Unknown command.
Press < or > to pray at altars.
Casting: Lee's Rapid Deconstruction (dangerous; 1% risk of failure)
Confirm with . or Enter, or press ? or * to list all spells.
Aiming: Lee's Rapid Deconstruction (dangerous; 1% risk of failure)
Press: ? - help, Dir - move target, f/p - Snorg Fragment what (e.g. wall or brittle monster)?: Snorg (heavily wounded, berserk)
An open door.
The stone door frame shatters!
The blast of rock fragments hits Snorg!!
Snorg is severely wounded.
Snorg bites you!!
Ouch! That really hurt!
Snorg claws you but does no damage. Snorg closely misses you.
Unknown command.
Press < or > to pray at altars.
Casting: Lee's Rapid Deconstruction (dangerous; 1% risk of failure)
Confirm with . or Enter, or press ? or * to list all spells.
Aiming: Lee's Rapid Deconstruction (dangerous; 1% risk of failure)
Press: ? - help, Dir - move target, p - Snorg A stone wall.
Okay, then.
Unknown command.
Press < or > to pray at altars.
You feel much better. Snorg bites you! Snorg completely misses you.
Snorg claws you!
* * * LOW HITPOINT WARNING * * *
You feel much better. Snorg bites you!! Snorg claws you. Snorg claws you!
* * * LOW HITPOINT WARNING * * *
Snorg misses you. x2; Snorg claws you!!
You die...

....~♣♣♣♣..###'#'###)##
...~~..♣...#..........#
..~~~~♣..♣.'.⌠.)......#
..~≈≈~~~♣..#...######'#
.~~≈~~~....#.⌠.#__#...#+#####
.~≈~~~.....#...#__#...#..§§~+
.~~~.......#)###__#...#.#§§§#
.†.........#...#__#...'.#§§.#
...........#___#@T'...#.#§§§#
▓▓▓▓▓▓▓▓▓▓▓▓▓▓▓▓▓▓▓▓▓▓▓▓▓▓▓▓▓


You could see Snorg (berserk).

Vanquished Creatures
  A deep elf pyromancer (D)
  A shadow (D)
  A spatial vortex (D)
  A necrophage (D)
  A water elemental (D)
  A jelly (D)
  A wizard (D)
  A necromancer (D)
  3 humans (D)
  A kobold demonologist (D)
  A phantom (D)
  4 rats (D)
17 creatures vanquished.

Notes
Turn   | Place    | Note
-------+----------+-------------------------------------------
     0 | D        | mhtbhm the Gargoyle Earth Elementalist began the quest for
                  | the Orb.
     0 | D        | Reached XP level 1. HP: 10/10 MP: 3/3
     3 | D        | Reached skill level 4 in Earth Magic
    36 | D        | Reached skill level 5 in Earth Magic
    76 | D        | Reached XP level 2. HP: 15/15 MP: 1/5
   171 | D        | Gained mutation: You are partially covered in iridescent
                  | scales. (AC +2) [potion of mutation]
   171 | D        | Gained mutation: You have a pair of small horns on your
                  | head. [potion of mutation]
   194 | D        | Reached skill level 6 in Earth Magic
   194 | D        | Reached XP level 3. HP: 16/19 MP: 4/7
   197 | D        | Learned a level 2 spell: Passwall
   201 | D        | Learned a level 3 spell: Stone Arrow
   243 | D        | Lost mutation: You have a pair of small horns on your head.
                  | [potion of mutation]
   243 | D        | Lost mutation: You are partially covered in iridescent
                  | scales. (AC +2) [potion of mutation]
   243 | D        | Gained mutation: You are agile. (Dex +4, Str/Int -1)
                  | [potion of mutation]
   243 | D        | Gained mutation: You have an increased reservoir of magic.
                  | (+10% MP) [potion of mutation]
   243 | D        | Gained mutation: You have sharp toenails. [potion of
                  | mutation]
   259 | D        | Noticed a water elemental
   266 | D        | Killed a water elemental
   267 | D        | Reached skill level 1 in Transmutations
   267 | D        | Reached skill level 8 in Earth Magic
   267 | D        | Reached XP level 4. HP: 24/24 MP: 6/11
   308 | D        | Learned a level 4 spell: Petrify
   320 | D        | Found a radiant altar of Vehumet.
   320 | D        | Found a shimmering blue altar of Sif Muna.
   320 | D        | Found an ancient bone altar of Kikubaaqudgha.
   320 | D        | Noticed a wizard
   322 | D        | Killed a wizard
   323 | D        | Reached skill level 5 in Spellcasting
   324 | D        | Noticed a smoke demon
   327 | D        | Reached skill level 9 in Earth Magic
   327 | D        | Reached XP level 5. HP: 28/28 MP: 7/14
   383 | D        | Became a worshipper of Vehumet
   398 | D        | Found a basalt altar of Yredelemnul.
   398 | D        | Found a shadowy altar of Dithmenos.
   398 | D        | Found a sacrificial altar of Ru.
   403 | D        | Reached skill level 10 in Earth Magic
   555 | D        | Learned a level 5 spell: Lee's Rapid Deconstruction
   561 | D        | Found a glowing silver altar of Zin.
   561 | D        | Found a glowing golden altar of the Shining One.
   561 | D        | Found a white marble altar of Elyvilon.
   561 | D        | Noticed a deep elf pyromancer
   565 | D        | Killed a deep elf pyromancer
   565 | D        | Reached * piety under Vehumet
   565 | D        | Offered knowledge of Magic Dart by Vehumet.
   566 | D        | Reached skill level 5 in Stealth
   566 | D        | Reached skill level 13 in Earth Magic
   566 | D        | Reached XP level 6. HP: 4/32 MP: 5/20
   566 | D        | Reached XP level 7. HP: 4/36 MP: 5/22
   888 | D        | Found a hide-covered altar of Uskayaw.
   888 | D        | Found an iron altar of Okawaru.
   888 | D        | Found a bloodstained altar of Trog.
   888 | D        | Found an ornate altar of the Wu Jian Council.
   888 | D        | Noticed a human
   888 | D        | Noticed a human
   890 | D        | Killed a human
   891 | D        | Reached skill level 10 in Spellcasting
   892 | D        | Killed a human
   893 | D        | Reached skill level 14 in Earth Magic
   893 | D        | Reached XP level 8. HP: 41/41 MP: 2/24
  1010 | D        | Learned a level 4 spell: Leda's Liquefaction
  1068 | D        | Noticed a shadow
  1073 | D        | Reached ** piety under Vehumet
  1073 | D        | Offered knowledge of Foxfire by Vehumet.
  1075 | D        | Killed a shadow
  1168 | D        | Found a blossoming altar of Fedhas.
  1168 | D        | Found a stormy altar of Qazlal.
  1168 | D        | Found a snail-covered altar of Cheibriados.
  1168 | D        | Found a burning altar of Makhleb.
  1168 | D        | Found a shimmering altar of Xom.
  1169 | D        | Found a hazy altar of Hepliaklqana.
  1169 | D        | Found an opulent altar of Gozag.
  1169 | D        | Found a sparkling altar of Nemelex Xobeh.
  1169 | D        | Found a corrupted altar of Lugonu.
  1169 | D        | Found a viscous altar of Jiyva.
  1172 | D        | Reached skill level 15 in Earth Magic
  1228 | D        | Noticed Snorg
  1250 | D        | Demolished by Snorg

Illustrated notes

Levels and vault maps discovered:
D:        dungeon_sprint_mu [sprint_mu_entry_forest, sprint_mu_temple_rooms,
          sprint_mu_d1_horrors, sprint_mu_d2_genie, sprint_mu_d3_branching,
          sprint_mu_orc_legion, sprint_mu_elf_gauntlet, sprint_mu_hive_nellie,
          sprint_mu_lair_fedhas, sprint_mu_vaults_butterflies,
          sprint_mu_slime_circle, sprint_mu_shoals_archi,
          sprint_mu_snake_twists, sprint_mu_blade_basic, sprint_mu_crypt_lich,
          sprint_mu_tomb_spiral, sprint_mu_vestibule_basic,
          sprint_mu_gehenna_hellfire, sprint_mu_dis_giant,
          sprint_mu_tartarus_statrot, sprint_mu_cocytus_islands, sprint_mu_zot1]

Skill      XL: |  1  2  3  4  5  6  7  8 |
---------------+-------------------------+-----
Earth Magic    | 5 6 8 9 13 14 15 | 15.0
Dodging        | 2 3 |  3.3
Spellcasting   | 3 4 5 9 10 11 | 11.4
Stealth        | 3 5 |  5.1
Transmutations | 1 |  1.3

Action                   |  1- 3 |  4- 6 |  7- 9 || total
-------------------------+-------+-------+-------++-------
 Cast: Sandblast         |    15 |     9 |       ||    24
       Lee's Rapid Decon |       |     2 |    18 ||    20
       Stone Arrow       |       |     1 |       ||     1
       Petrify           |       |       |     5 ||     5
  Use: Potion            |     3 |       |     4 ||     7
       Scroll            |       |       |     1 ||     1
Armor: Robe              |       |     3 |     1 ||     4
Dodge: Dodged            |     9 |     2 |     4 ||    15

Table legend: (Time is in decaauts)
 A = Elapsed time spent in this place.
 B = Non-inter-level travel time spent in this place.
 C = Inter-level travel time spent in this place.
 D = Time resting spent in this place.
 E = Time spent auto-exploring this place.
 F = Levels seen in this place.
 G = Mean time per level.
                   A        B        C        D        E       F      G
               +--------+--------+--------+--------+--------+-----+--------+
         Total |   1267 |   1267 |      0 |    946 |      1 |   1 | 1267.0 |
       Dungeon |   1267 |   1267 |      0 |    946 |      1 |   1 | 1267.0 |
               +--------+--------+--------+--------+--------+-----+--------+

Top non-repeatable levels by time:
       D: 1267 daAuts
